 Dungeon Crawl Stone Soup version 0.28.0-53-g5a82cb258f (webtiles) character file.

Game seed: 7117322627172020787

912 SanguineChosen the Shield-Bearer (level 8, -14/50 HPs)
             Began as a Gargoyle Fighter on July 20, 2022.
             Killed by divine providence
             ... invoked by an orc priest
              (15 damage)
             ... on level 5 of the Dungeon on July 21, 2022.
             The game lasted 00:12:00 (4008 turns).

SanguineChosen the Shield-Bearer (Gargoyle Fighter) Turns: 4008, Time: 00:12:01

Health: -14/50     AC: 14    Str: 28    XL:     8   Next: 9%
Magic:  0/0        EV:  9    Int:  9    God:
Gold:   172        SH: 14    Dex: 11    Spells: 7/7 levels left

rFire   . . .      SeeInvis .   n - +2 whip (elec)
rCold   + . .      Faith    .   h - +0 kite shield
rNeg    + . .      Spirit   .   b - +0 scale mail
rPois   ∞          Reflect  +   p - +0 helmet
rElec   +          Harm     .   (no cloak)
rCorr   .          Rampage  +   (no gloves)
Will    .....                   (no boots)
Stlth   ..........              m - amulet "Afunwivuh" {Reflect Rampage rC+ MP-9 Dex+2 SH+5}
HPRegen 0.16/turn               e - +6 ring of strength
MPRegen 0.07/turn               (no ring)

@: no status effects
A: sickness immunity, AC +5, negative energy resistance 1, electricity
resistance, torment resistance 1, petrification resistance
a: no special abilities


You were on level 5 of the Dungeon.
You visited 1 branch of the dungeon, and saw 5 of its levels.

You collected 172 gold pieces.

Inventory:

Hand Weapons
 a - a +0 flail
 n - a +2 whip of electrocution (weapon)
 r - a +1 flail of protection
Armour
 b - a +0 scale mail (worn)
 c - a +0 buckler
 h - a +0 kite shield (worn)
 p - a +0 helmet (worn)
Jewellery
 e - a +6 ring of strength (left hand)
 f - an amulet of reflection
 l - an amulet of faith
 m - the amulet "Afunwivuh" (around neck) {Reflect Rampage rC+ MP-9 Dex+2 SH+5}
   (You found it on level 3 of the Dungeon)

   [amulet of reflection]

   It reflects blocked missile attacks.
   Dex:       It affects your dexterity (+2).
   rC:        It protects you from cold.
   MP:        It affects your magic capacity (-9).
   SH:        It affects your SH (+5).
   Rampage:   It bestows one free step when moving towards enemies.
Wands
 u - a wand of mindburst (13)
Scrolls
 k - a scroll of enchant weapon {unknown}
 o - 3 scrolls of identify
 q - a scroll of silence {unknown}
 s - a scroll of vulnerability {unknown}
Potions
 d - 2 potions of might
 g - a potion of berserk rage
 i - a potion of flight {unknown}
 j - a potion of mutation {unknown}
 t - a potion of ambrosia {unknown}
 v - a potion of resistance {unknown}


   Skills:
 + Level 5.5 Fighting
 + Level 4.6 Maces & Flails
 + Level 0.1 Throwing
 + Level 5.1 Armour
 + Level 1.7 Dodging
 + Level 0.4 Stealth
 + Level 6.4 Shields


You had 7 spell levels left.
You didn't know any spells.
Your spell library contained the following spells:

 Spells                   Type           Power      Damage    Failure   Level
 Scorch                   Fire           0%         2d5       98%         2
 Flame Wave               Conj/Fire      0%         2d4       100%        4
 Summon Cactus Giant      Summ           0%         N/A       100%        6


Dungeon Overview and Level Annotations

Branches:
Dungeon (5/15)
 Temple: D:4-7

Altars:
Cheibriados
Elyvilon
Hepliaklqana
Sif Muna
Wu Jian
Xom
Yredelemnul
The Shining One

Shops:
D:1 :

Annotations:
D:1 1 runed translucent door


Innate Abilities, Weirdness & Mutations

You are immune to sickness and miasma.
Your stone body is resilient. (AC +5)
You are immune to poison.
You resist negative energy. (rN+)
You are resistant to electric shocks. (rElec)
You are resistant to unholy torment.
You are immune to petrification.


Message History

2 orcs come into view.
The orc shouts! x2
An orc priest comes into view. It is wielding a +1 whip of freezing.
You rampage towards the water moccasin skeleton!
An orc priest comes into view. It is wielding a +0 hand axe.
The orc priest shouts! x2
The orc priest casts a cantrip, but nothing happens.
The water moccasin skeleton bites you.
You hear a shout!
You hit the water moccasin skeleton.
The water moccasin skeleton is lightly damaged.
An orc comes into view. It is wielding a +0 dagger.
You block the water moccasin skeleton's attack.
You hit the water moccasin skeleton.
The water moccasin skeleton is moderately damaged.
You closely miss the orc. You hit the orc.
The orc is moderately wounded.
You block the orc's attack.
You whack the orc!
You kill the orc!
You closely miss the orc. You block the orc's attack.
You closely miss the orc.
The orc priest invokes the aid of Beogh against you.
Beogh smites you!
The orc priest invokes the aid of Beogh against you.
Beogh smites you!
You whack the orc!
The orc is almost dead.
You block the orc's attack.
The orc priest invokes the aid of Beogh against you.
Beogh smites you!
* * * LOW HITPOINT WARNING * * *
The orc hits you but does no damage.
The orc priest invokes the aid of Beogh against you.
Beogh smites you!
* * * LOW HITPOINT WARNING * * *
The orc priest mumbles some strange prayers to Beogh against you.
Beogh smites you!
You die...

........).....<#
#.#######..........##
#.# #.#.#..##...##
#.# ###.#.#.....#...
#.. .....#.###...##
... .##..##.# #.#
###. .....##.####.# #
. . ##..........# ...
#
##....<..@.o###.....
.
....###.###...oo.....
# ##..# #[#
######Z.... #..# #.#
... ####..# #.# .
##.....# #.#
####...#.####.#
.....#........#
####...#.######


You could see 2 orc priests, an orc and a water moccasin skeleton.

Vanquished Creatures
  Pikel (D:4)
  Edmund (D:5)
  A phantom (D:4)
  A water moccasin skeleton (D:4)
  A centaur skeleton (D:5)
  An iguana (D:4)
  Natasha (thrice) (D:4)
  Robin (D:4)
  3 adders
  An adder skeleton (D:4)
  A worm (D:3)
  3 dart slugs
  3 orcs (D:5)
  3 bats (D:1)
  2 endoplasms (D:2)
  13 goblins
  8 hobgoblins
  5 jackals
  4 kobolds
  A quokka (D:1)
  4 ball pythons
  3 frilled lizards (D:1)
  5 rats
69 creatures vanquished.

Notes
Turn   | Place    | Note
-------+----------+-------------------------------------------
     0 | D:1      | SanguineChosen the Gargoyle Fighter began the quest for the
                  | Orb.
     0 | D:1      | Reached XP level 1. HP: 14/14 MP: 1/1
     1 | D:1      | Found a runed translucent door.
    39 | D:1      | Found a faded altar of an unknown god.
   105 | D:1      | Reached XP level 2. HP: 12/19 MP: 2/2
   221 | D:1      | Found Cydua's Book Shoppe.
   756 | D:1      | Reached XP level 3. HP: 23/23 MP: 3/3
  1318 | D:2      | Found a basalt altar of Yredelemnul.
  1863 | D:3      | Identified the amulet "Afunwivuh" {Reflect Rampage rC+ MP-9
                  | Dex+2 SH+5}
  2059 | D:3      | Found a shimmering altar of Xom.
  2063 | D:3      | Found a hazy altar of Hepliaklqana.
  2069 | D:3      | Found a white marble altar of Elyvilon.
  2075 | D:3      | Found an ornate altar of the Wu Jian Council.
  2078 | D:3      | Found a shimmering blue altar of Sif Muna.
  2080 | D:3      | Found a snail-covered altar of Cheibriados.
  2085 | D:3      | Found a glowing golden altar of the Shining One.
  2097 | D:3      | Reached XP level 4. HP: 25/29 MP: 0/4
  2721 | D:4      | Noticed a phantom
  2732 | D:4      | Killed a phantom
  2733 | D:4      | Reached skill level 4 in Shields
  2733 | D:4      | Reached XP level 5. HP: 25/33 MP: 0/5
  2812 | D:4      | Noticed Robin
  2954 | D:4      | Killed Robin
  3072 | D:4      | Reached XP level 6. HP: 35/39 MP: 0/6
  3223 | D:4      | Noticed Pikel
  3255 | D:4      | Killed Pikel
  3256 | D:4      | Reached skill level 1 in Dodging
  3256 | D:4      | Reached skill level 6 in Shields
  3256 | D:4      | Reached XP level 7. HP: 8/44 MP: 0/7
  3547 | D:4      | Noticed Natasha
  3551 | D:4      | Killed Natasha
  3662 | D:4      | Noticed Natasha
  3667 | D:4      | Killed Natasha
  3668 | D:4      | Reached skill level 5 in Fighting
  3675 | D:4      | Noticed Natasha
  3680 | D:4      | Killed Natasha
  3738 | D:5      | Entered Level 5 of the Dungeon
  3738 | D:5      | Noticed Edmund
  3823 | D:5      | Killed Edmund
  3824 | D:5      | Reached skill level 5 in Armour
  3824 | D:5      | Reached XP level 8. HP: 38/49 MP: 0/8
  4006 | D:5      | HP: 1/50 [orc priest/divine providence (11)]
  4008 | D:5      | Killed from afar by an orc priest

Illustrated notes

Levels and vault maps discovered:
D:1:      dpeg_arrival_caged_fury, layout_basic, shapermc_ecumenical_altar_venn,
          serial_shops, nicolae_shop_hallway_plus
D:2:      layout_rooms, basic_altar, palyth_stone_intersect
D:3:      layout_rooms, nicolae_overflow_hallway_of_the_gods,
          nzn_hepliaklqana_mist_gate
D:4:      layout_loops_cross, hangedman_decor_lopped, hangedman_decor_push,
          uniq_robin, uniq_pikel, uniq_natasha
D:5:      layout_loops_ring, mainiacjoe_overflow_alcove_1, uniq_sigmund,
          uniq_edmund

Skill      XL: |  1  2  3  4  5  6  7 |
---------------+----------------------+-----
Fighting       | 4 5 |  5.5
Maces & Flails | 3 4 |  4.6
Armour         | 4 5 |  5.1
Shields        | 4 6 |  6.4
Dodging        | 1 |  1.7
Throwing       | |  0.1
Stealth        | |  0.4

Action                   |  1- 3 |  4- 6 |  7- 9 || total
-------------------------+-------+-------+-------++-------
Melee: Flail             |   125 |    98 |       ||   223
       Whip              |       |       |    41 ||    41
Throw: Throwing net      |       |       |     2 ||     2
  Use: Scroll            |       |     4 |       ||     4
       Potion            |       |     2 |       ||     2
Armor: Scale mail        |    54 |    50 |    16 ||   120
Dodge: Dodged            |    45 |    42 |     7 ||    94
Block: Buckler           |    27 |       |       ||    27
       Kite shield       |    27 |   124 |    31 ||   182
       Reflection        |     1 |     3 |     1 ||     5
